| TOP OF THE 1ST |
|
Auburn Doubledays batting - Pitching for Eugene Emeralds : LHP Mike Alexander
|
|
Pitching: LHP Mike Alexander
|
|
|
Batting: LHB Mike Condon
|
0-0: Ball 1-0: Ball 2-0: Ground out U3 (Groundball, 3L, EV 106.9 MPH)
|
|
Batting: LHB Elias Posada
|
0-0: Swinging Strike 0-1: Ball 1-1: Ball 2-1: Foul Ball, location: 2F 2-2: Strikes out swinging
|
|
Batting: LHB John Luke
|
0-0: Called Strike 0-1: Ball 1-1: Ball 2-1: Called Strike 2-2: Ground out 4-3 (Groundball, 34D, EV 110.6 MPH)
|
| Top of the 1st over - 0 runs, 0 hits, 0 errors, 0 left on base; Auburn 0 - Eugene 0 |
| BOTTOM OF THE 1ST |
|
Eugene Emeralds batting - Pitching for Auburn Doubledays : RHP Jason Beck
|
|
Pitching: RHP Jason Beck
|
|
|
Batting: RHB Garrett Granata
|
0-0: Ground out 6-3 (Groundball, 6, EV 81.3 MPH)
|
|
Batting: RHB Chris Slama
|
0-0: Swinging Strike 0-1: Ground out 4-3 (Groundball, 34D, EV 100.6 MPH)
|
|
Batting: LHB Trevor Spaulding
|
0-0: Ball 1-0: Ball 2-0: Foul Ball, location: 2F 2-1: Foul Ball, location: 2F 2-2: Strikes out looking
|
| Bottom of the 1st over - 0 runs, 0 hits, 0 errors, 0 left on base; Auburn 0 - Eugene 0 |
| TOP OF THE 2ND |
|
Auburn Doubledays batting - Pitching for Eugene Emeralds : LHP Mike Alexander
|
|
Batting: RHB Ryan Hiemer
|
0-0: Called Strike 0-1: Fly out, F7 (Line Drive, 8LS, EV 108.8 MPH)
|
|
Batting: RHB Bryan Ernst
|
0-0: Swinging Strike 0-1: Ball 1-1: Fly out, F9 (Line Drive, 9, EV 90.6 MPH)
|
|
Batting: LHB Yoshiya Kurokawa
|
0-0: Fly out, F7 (Line Drive, 7, EV 98.8 MPH)
|
| Top of the 2nd over - 0 runs, 0 hits, 0 errors, 0 left on base; Auburn 0 - Eugene 0 |
| BOTTOM OF THE 2ND |
|
Eugene Emeralds batting - Pitching for Auburn Doubledays : RHP Jason Beck
|
|
Batting: LHB Kwang-chih Men
|
0-0: Foul Ball, location: 2F 0-1: SINGLE (Groundball, 34S, EV 69.4 MPH) (infield hit)
|
|
Batting: RHB Dylan Burke
|
0-0: Called Strike 0-1: Ball 1-1: Ball 2-1: Grounds into double play, 6-4-3 (Groundball, 6, EV 102.5 MPH)
|
|
Batting: LHB Mark Huey
|
0-0: Swinging Strike 0-1: Ball 1-1: Foul Ball, location: 2F 1-2: Ball 2-2: Strikes out swinging
|
| Bottom of the 2nd over - 0 runs, 1 hit, 0 errors, 0 left on base; Auburn 0 - Eugene 0 |
| TOP OF THE 3RD |
|
Auburn Doubledays batting - Pitching for Eugene Emeralds : LHP Mike Alexander
|
|
Batting: RHB Isaiah Seme
|
0-0: SINGLE (Line Drive, 89S, EV 112.5 MPH)
|
|
Batting: RHB Jon Hill
|
0-0: Called Strike 0-1: Foul Ball, location: 2F 0-2: Strikes out swinging
|
|
Batting: RHB David Rojas
|
0-0: Called Strike 0-1: Ball 1-1: Ball 2-1: Foul Ball, location: 2F 2-2: Strikes out swinging
|
|
Batting: LHB Mike Condon
|
0-0: Ball 1-0: Foul Ball, location: 2F 1-1: Foul Ball, location: 2F 1-2: DOUBLE (Line Drive, 5D, EV 98.8 MPH) Isaiah Seme to third Runner from 3rd tries for Home, SAFE, no throw by LF
|
|
Batting: LHB Elias Posada
|
0-0: Called Strike 0-1: Foul Ball, location: 2F 0-2: Ball 1-2: Ball 2-2: Ball 3-2: Base on Balls
|
|
Batting: LHB John Luke
|
0-0: Ball 1-0: Called Strike 1-1: Called Strike 1-2: Foul Ball, location: 2F 1-2: Ground out U3 (Groundball, 34S, EV 75.6 MPH)
|
| Top of the 3rd over - 1 run, 2 hits, 0 errors, 2 left on base; Auburn 1 - Eugene 0 |
| BOTTOM OF THE 3RD |
|
Eugene Emeralds batting - Pitching for Auburn Doubledays : RHP Jason Beck
|
|
Batting: RHB Frank McArdle
|
0-0: Called Strike 0-1: Swinging Strike 0-2: Ball 1-2: Ball 2-2: Ball 3-2: SINGLE (Line Drive, 9S, EV 103.1 MPH)
|
|
Batting: RHB David Barnard
|
0-0: Ball 1-0: Called Strike 1-1: Ball 2-1: Foul Ball, location: 2F 2-2: Strikes out swinging
|
|
Batting: RHB Ryan Walker
|
0-0: Ball 1-0: Ball 2-0: Ball 3-0: Base on Balls Frank McArdle to second
|
|
Batting: RHB Garrett Granata
|
0-0: Fielders Choice at 2nd, 6-4 (Groundball, 6, EV 82.5 MPH) Frank McArdle to third
|
|
Batting: RHB Chris Slama
|
0-0: Swinging Strike 0-1: Called Strike Garrett Granata steals 2nd base (no throw) 0-2: Ball 1-2: Strikes out swinging
|
| Bottom of the 3rd over - 0 runs, 1 hit, 0 errors, 2 left on base; Auburn 1 - Eugene 0 |
| TOP OF THE 4TH |
|
Auburn Doubledays batting - Pitching for Eugene Emeralds : LHP Mike Alexander
|
|
Batting: RHB Ryan Hiemer
|
0-0: Called Strike 0-1: Ball 1-1: Foul Ball, location: 2F 1-2: Ball 2-2: Foul Ball, location: 2F 2-2: Ball 3-2: Base on Balls
|
|
Batting: RHB Bryan Ernst
|
0-0: Called Strike 0-1: Ball 1-1: Foul Ball, location: 2F 1-2: Foul Ball, location: 2F 1-2: Ball 2-2: Fielders Choice at 2nd, 4-6 (Groundball, 4, EV 89.4 MPH)
|
|
Batting: LHB Yoshiya Kurokawa
|
0-0: Called Strike 0-1: Ball 1-1: Called Strike 1-2: Strikes out swinging
|
|
Batting: RHB Isaiah Seme
|
0-0: Called Strike 0-1: Ball 1-1: Called Strike 1-2: Fielders Choice at 2nd, 5-4 (Groundball, 56, EV 88.1 MPH)
|
| Top of the 4th over - 0 runs, 0 hits, 0 errors, 1 left on base; Auburn 1 - Eugene 0 |
| BOTTOM OF THE 4TH |
|
Eugene Emeralds batting - Pitching for Auburn Doubledays : RHP Jason Beck
|
|
Batting: LHB Trevor Spaulding
|
0-0: Fly out, F3 (Line Drive, 3, EV 74.4 MPH)
|
|
Batting: LHB Kwang-chih Men
|
0-0: Fly out, F9 (Flyball, 9LD, EV 83.8 MPH)
|
|
Batting: RHB Dylan Burke
|
0-0: Called Strike 0-1: Ball 1-1: SINGLE (Groundball, 34D, EV 95.0 MPH)
|
|
Batting: LHB Mark Huey
|
0-0: Called Strike 0-1: Ball 1-1: Ball 2-1: Ball 3-1: Called Strike 3-2: SINGLE (Groundball, 34D, EV 108.1 MPH) Dylan Burke to second Dylan Burke to third
|
|
Batting: RHB Frank McArdle
|
0-0: Ball 1-0: Fielders Choice at 2nd, 6-4 (Groundball, 6, EV 91.9 MPH)
|
| Bottom of the 4th over - 0 runs, 2 hits, 0 errors, 2 left on base; Auburn 1 - Eugene 0 |
| TOP OF THE 5TH |
|
Auburn Doubledays batting - Pitching for Eugene Emeralds : LHP Mike Alexander
|
|
Batting: RHB Jon Hill
|
0-0: Ball 1-0: Ball 2-0: Called Strike 2-1: Foul Ball, location: 2F 2-2: Strikes out swinging
|
|
Batting: RHB David Rojas
|
0-0: Ball 1-0: Foul Ball, location: 2F 1-1: Called Strike 1-2: Strikes out swinging
|
|
Batting: LHB Mike Condon
|
0-0: Foul Ball, location: 2F 0-1: Called Strike 0-2: Ball 1-2: Strikes out swinging
|
| Top of the 5th over - 0 runs, 0 hits, 0 errors, 0 left on base; Auburn 1 - Eugene 0 |
| BOTTOM OF THE 5TH |
|
Eugene Emeralds batting - Pitching for Auburn Doubledays : RHP Jason Beck
|
|
Batting: RHB David Barnard
|
0-0: Called Strike 0-1: Ball 1-1: Called Strike 1-2: Fly out, F9 (Line Drive, 9, EV 106.9 MPH)
|
|
Batting: RHB Ryan Walker
|
0-0: Called Strike 0-1: Fly out, F8 (Flyball, 8RD, EV 97.5 MPH)
|
|
Batting: RHB Garrett Granata
|
0-0: Called Strike 0-1: Ball 1-1: Ball 2-1: Foul Ball, location: 2F 2-2: Strikes out swinging
|
| Bottom of the 5th over - 0 runs, 0 hits, 0 errors, 0 left on base; Auburn 1 - Eugene 0 |
| TOP OF THE 6TH |
|
Auburn Doubledays batting - Pitching for Eugene Emeralds : LHP Mike Alexander
|
|
Pitching: RHP Miles Edwards
|
|
|
Batting: LHB Elias Posada
|
0-0: Fly out, F8 (Line Drive, 8LM, EV 90.6 MPH)
|
|
Batting: LHB John Luke
|
0-0: Ball 1-0: Ground out 5-3 (Groundball, 6, EV 98.1 MPH)
|
|
Batting: RHB Ryan Hiemer
|
0-0: Ball 1-0: Called Strike 1-1: Foul Ball, location: 2F 1-2: Ball 2-2: Ball 3-2: Strikes out looking
|
| Top of the 6th over - 0 runs, 0 hits, 0 errors, 0 left on base; Auburn 1 - Eugene 0 |
| BOTTOM OF THE 6TH |
|
Eugene Emeralds batting - Pitching for Auburn Doubledays : RHP Jason Beck
|
|
Batting: RHB Chris Slama
|
0-0: Ball 1-0: Ball 2-0: Foul Ball, location: 2F 2-1: Ground out 4-3 (Groundball, 34, EV 82.5 MPH)
|
|
Batting: LHB Trevor Spaulding
|
0-0: Ball 1-0: Foul Ball, location: 2F 1-1: Ball 2-1: Fly out, F7 (Flyball, 7, EV 85.0 MPH)
|
|
Batting: LHB Kwang-chih Men
|
0-0: Foul Ball, location: 2F 0-1: Ball 1-1: Swinging Strike 1-2: Ball 2-2: Strikes out swinging
|
| Bottom of the 6th over - 0 runs, 0 hits, 0 errors, 0 left on base; Auburn 1 - Eugene 0 |
| TOP OF THE 7TH |
|
Auburn Doubledays batting - Pitching for Eugene Emeralds : RHP Miles Edwards
|
|
Batting: RHB Bryan Ernst
|
0-0: Ball 1-0: Called Strike 1-1: Called Strike 1-2: Ball 2-2: Foul Ball, location: 2F 2-2: Strikes out swinging
|
|
Batting: LHB Yoshiya Kurokawa
|
0-0: Called Strike 0-1: Ball 1-1: Swinging Strike 1-2: Strikes out swinging
|
|
Batting: RHB Isaiah Seme
|
0-0: SINGLE (Groundball, 34D, EV 103.1 MPH)
|
|
Batting: RHB Jon Hill
|
0-0: Ball 1-0: Ball Wild Pitch! Isaiah Seme to second 2-0: Ball 3-0: Foul Ball, location: 2F 3-1: Called Strike 3-2: Base on Balls
|
|
Batting: RHB David Rojas
|
0-0: Fly out, F9 (Line Drive, 9, EV 88.8 MPH)
|
| Top of the 7th over - 0 runs, 1 hit, 0 errors, 2 left on base; Auburn 1 - Eugene 0 |
| BOTTOM OF THE 7TH |
|
Eugene Emeralds batting - Pitching for Auburn Doubledays : RHP Jason Beck
|
|
Pitching: LHP Kerry Baty
|
|
|
Batting: RHB Dylan Burke
|
0-0: Swinging Strike 0-1: Ball 1-1: Ground out 5-3 (Groundball, 56, EV 84.4 MPH)
|
|
Batting: LHB Mark Huey
|
0-0: Called Strike 0-1: Foul Ball, location: 2F 0-2: Ball 1-2: Ball 2-2: Fly out, F8 (Flyball, 8LD, EV 106.9 MPH)
|
|
Batting: RHB Frank McArdle
|
0-0: Ball 1-0: Swinging Strike 1-1: Foul Ball, location: 2F 1-2: Foul Ball, location: 2F 1-2: Ball 2-2: Strikes out swinging
|
| Bottom of the 7th over - 0 runs, 0 hits, 0 errors, 0 left on base; Auburn 1 - Eugene 0 |
| TOP OF THE 8TH |
|
Auburn Doubledays batting - Pitching for Eugene Emeralds : RHP Miles Edwards
|
|
Pitching: RHP Harry Poindexter
|
|
|
Batting: LHB Mike Condon
|
0-0: Foul Ball, location: 2F 0-1: Ball 1-1: Foul Ball, location: 2F 1-2: Ball 2-2: Strikes out swinging
|
|
Batting: LHB Elias Posada
|
0-0: Ball 1-0: Ground out 1-3 (Groundball, P, EV 69.4 MPH)
|
|
Batting: LHB John Luke
|
0-0: DOUBLE (Line Drive, 78M, EV 97.5 MPH)
|
|
Batting: RHB Ryan Hiemer
|
0-0: Foul Ball, location: 2F 0-1: Ball 1-1: Ball 2-1: Swinging Strike 2-2: Ball 3-2: Strikes out looking
|
| Top of the 8th over - 0 runs, 1 hit, 0 errors, 1 left on base; Auburn 1 - Eugene 0 |
| BOTTOM OF THE 8TH |
|
Eugene Emeralds batting - Pitching for Auburn Doubledays : LHP Kerry Baty
|
|
Pitching: RHP Steve Barnes
|
|
|
Batting: RHB David Barnard
|
0-0: Fly out, F6 (Line Drive, 6, EV 69.4 MPH)
|
|
Batting: RHB Ryan Walker
|
0-0: Called Strike 0-1: Foul Ball, location: 2F 0-2: Strikes out swinging
|
|
Batting: RHB Garrett Granata
|
0-0: Foul Ball, location: 2F 0-1: Fly out, F4 (Popup, 4, EV 74.4 MPH)
|
| Bottom of the 8th over - 0 runs, 0 hits, 0 errors, 0 left on base; Auburn 1 - Eugene 0 |
| TOP OF THE 9TH |
|
Auburn Doubledays batting - Pitching for Eugene Emeralds : RHP Harry Poindexter
|
|
Batting: RHB Bryan Ernst
|
0-0: Ball 1-0: Fly out, F9 (Flyball, 89D, EV 86.3 MPH)
|
|
Batting: LHB Yoshiya Kurokawa
|
0-0: Called Strike 0-1: Ball 1-1: Ball 2-1: Foul Ball, location: 2F 2-2: Foul Ball, location: 2F 2-2: Strikes out swinging
|
|
Batting: RHB Isaiah Seme
|
0-0: Called Strike 0-1: Ball 1-1: Foul Ball, location: 2F 1-2: Strikes out swinging
|
| Top of the 9th over - 0 runs, 0 hits, 0 errors, 0 left on base; Auburn 1 - Eugene 0 |
| BOTTOM OF THE 9TH |
|
Eugene Emeralds batting - Pitching for Auburn Doubledays : RHP Steve Barnes
|
|
Pitching: RHP Chris Doty
|
|
|
Batting: RHB Chris Slama
|
0-0: DOUBLE (Line Drive, 9LS, EV 95.0 MPH)
|
|
Batting: LHB Trevor Spaulding
|
0-0: Foul Ball, location: 2F 0-1: Foul Ball, location: 2F 0-2: Ball 1-2: SINGLE (Groundball, 6D, EV 100.0 MPH) Chris Slama to third
|
|
Batting: LHB Kwang-chih Men
|
0-0: Swinging Strike 0-1: Ball 1-1: Fly out, F8 (Flyball, 8LD, EV 93.1 MPH) Runner from 3rd tags up, SCORES, throw by CF
|
|
Batting: RHB Dylan Burke
|
0-0: Called Strike 0-1: Called Strike 0-2: Ball 1-2: Ball 2-2: Strikes out swinging
|
|
Batting: LHB Mark Huey
|
0-0: Called Strike 0-1: Ball 1-1: Ball 2-1: Called Strike 2-2: Foul Ball, location: 2F 2-2: Foul Ball, location: 2F 2-2: Ball 3-2: SINGLE (Groundball, 34D, EV 100.6 MPH) Trevor Spaulding to second Trevor Spaulding to third
|
|
Batting: RHB Frank McArdle
|
0-0: Ball Balk! Trevor Spaulding scores
|
| Bottom of the 9th over - 2 runs, 3 hits, 0 errors, 0 left on base; Auburn 1 - Eugene 2 |
| |
|
Game Over ... Eugene defeats Auburn, 2 to 1
|
|
|